 Dungeon Crawl Stone Soup version 0.28.0 (webtiles) character file.

Game seed: 7803587034204719061

59 cbfl8 the Sneak (level 3, -1/33 HPs)
             Began as a Minotaur Delver on Feb 8, 2022.
             Slain by a hobgoblin (10 damage)
             ... on level 2 of the Dungeon.
             The game lasted 00:04:14 (2189 turns).

cbfl8 the Sneak (Minotaur Delver)                   Turns: 2189, Time: 00:04:15

Health: -1/33      AC:  3    Str: 16    XL:     3   Next: 78%
Magic:  2/2        EV: 11    Int:  9    God:
Gold:   75         SH:  0    Dex: 11    Spells: 2/2 levels left

rFire   . . .      SeeInvis .   a - +0 hand axe
rCold   . . .      Faith    .   k - orb {guile}
rNeg    . . .      Spirit   .   b - +0 leather armour
rPois   .          Reflect  .   (helmet restricted)
rElec   .          Harm     .   (no cloak)
rCorr   .          Rampage  .   (no gloves)
Will    .....                   (no boots)
Stlth   ++........              (no amulet)
HPRegen 0.11/turn               (no ring)
MPRegen 0.08/turn               (no ring)

@: no status effects
A: horns 2, retaliatory headbutt
a: no special abilities


You were on level 2 of the Dungeon.
You visited 1 branch of the dungeon, and saw 5 of its levels.

You collected 75 gold pieces.

Inventory:

Hand Weapons
 a - a +0 hand axe (weapon)
Armour
 b - a +0 leather armour (worn)
 k - an orb of guile (worn)
Jewellery
 p - a ring of flight
Wands
 g - a wand of digging (3)
Scrolls
 c - a scroll of fog
 d - a scroll of magic mapping
 e - a scroll of fear
 l - 2 scrolls of identify {unknown}
 o - 2 scrolls of blinking {unknown}
Potions
 f - a potion of haste
 h - a potion of resistance {unknown}
 i - 2 potions of curing {unknown}
 j - a potion of invisibility {unknown}
 m - a potion of brilliance {unknown}
 n - a potion of magic {unknown}
 q - a potion of flight {unknown}


   Skills:
 + Level 4.0 Fighting
 + Level 2.8 Axes
 + Level 1.6 Armour
 + Level 2.2 Dodging
 + Level 4.8 Stealth


You had 2 spell levels left.
You didn't know any spells.
Your spell library contained the following spells:

 Spells                   Type           Power      Damage    Failure   Level
 Call Canine Familiar     Summ           0%         N/A       83%         3
 Portal Projectile        Hex/Tloc       0%         N/A       83%         3
 Leda's Liquefaction      Hex/Erth       0%         N/A       99%         4


Dungeon Overview and Level Annotations

Branches:
Dungeon (5/15)
 Temple: D:4-7

Altars:
Elyvilon


Innate Abilities, Weirdness & Mutations

You have a pair of horns on your head.
You reflexively headbutt those who attack you in melee.


Message History

Found a stone staircase leading up.
There is a stone staircase leading up here.
Found a white marble altar of Elyvilon.
A goblin comes into view. It is wielding a +0 club.
The goblin shouts!
The goblin closely misses you.
You miss the goblin. Your headbutt misses the goblin.
The goblin barely misses you.
You barely miss the goblin. The goblin hits you with a +0 club.
You hit the goblin.
You kill the goblin!
Your Fighting skill increases to level 4!
You see here a +0 club.
HP restored.
A hobgoblin comes into view.
A hobgoblin and a kobold come into view.
Found 20 bolts.
The hobgoblin shouts!
The kobold shouts!
The hobgoblin misses you. The kobold hits you with a +0 whip.
You hit the kobold but do no damage. Your headbutt misses the kobold.
You hit the hobgoblin but do no damage. You hit the hobgoblin.
The hobgoblin closely misses you. The kobold barely misses you.
The hobgoblin hits you with a +0 war axe.
You hit the kobold. You headbutt the kobold.
You kill the kobold!
You hit the hobgoblin. x2
The hobgoblin hits you but does no damage.
The hobgoblin hits you with a +0 war axe!
Things that are here:
a +0 whip; a kobold corpse You hit the hobgoblin.
The hobgoblin is heavily wounded.
You closely miss the hobgoblin. The hobgoblin closely misses you.
The hobgoblin hits you with a +0 war axe!
* * * LOW HITPOINT WARNING * * *
The hobgoblin barely misses you. You furiously retaliate!
You headbutt the hobgoblin!
You kill the hobgoblin!
The hobgoblin hits you with a +0 war axe!
You die...

# ######(#
###..@)..##
#....g........
#.#.##########
#.#.### #.....#
###.#.#
###########.#.##
...............###
.#######.....#...#


You could see a hobgoblin.

Vanquished Creatures
  2 adders (D:2)
  A dart slug (D:2)
  4 bats
  3 endoplasms
  2 giant cockroaches (D:1)
  4 goblins
  3 hobgoblins
  4 kobolds
  2 quokkas (D:1)
  6 ball pythons (D:1)
  2 frilled lizards
  6 rats
39 creatures vanquished.

Notes
Turn   | Place    | Note
-------+----------+-------------------------------------------
     0 | D:5      | cbfl8 the Minotaur Delver began the quest for the Orb.
     0 | D:5      | Reached XP level 1. HP: 19/19 MP: 0/0
     9 | D:5      | Noticed a scorpion
   279 | D:2      | Reached XP level 2. HP: 18/27 MP: 1/1
   798 | D:1      | Reached skill level 1 in Armour
   798 | D:1      | Reached XP level 3. HP: 27/33 MP: 2/2
  1787 | D:1      | Found a faded altar of an unknown god.
  2055 | D:2      | Found a white marble altar of Elyvilon.
  2189 | D:2      | Slain by a hobgoblin

Illustrated notes

Levels and vault maps discovered:
D:1:      nicolae_arrival_memento_mori, layout_basic,
          hellmonk_ecumenical_altar_crossroads, serial_glass, glass_columns_b,
          glass_columns_a
D:2:      layout_loops_ring, basic_altar, kennysheep_decorative_pillar,
          chequers_decorated_corner
D:3:      layout_loops_ring, mainiacjoe_overflow_brackets, uniq_sigmund
D:4:      layout_cave_pools, minmay_hedge_maze, nrook_campfire,
          dk_noncrumbling_4, uniq_edmund
D:5:      layout_cave_pools

Skill      XL: |  1  2  3 |
---------------+----------+-----
Armour         | 1 |  1.6
Fighting       | 4 |  4.0
Axes           | |  2.8
Dodging        | |  2.2
Stealth        | |  4.8

Action                   || total
-------------------------++-------
Melee: Hand axe          ||    67
       Headbutt          ||     7
 Stab: Sleeping          ||     8
Armor: Leather armour    ||    15
Dodge: Dodged            ||    37
